SL
NASHVILLE OUTLAWS @ D.C. DIVIDED
07/10/2041
 
TOP OF THE 1ST
Nashville Outlaws batting - Pitching for D.C. Divided : RHP Van Hileman
Pitching: RHP Van Hileman
Batting: LHB Wilson Hernández 0-0: Foul Ball, location: 2F
0-1: SINGLE (Groundball, 3D, EV 95.6 MPH)
Batting: LHB Juan Santángel 0-0: Called Strike
0-1: Swinging Strike
0-2: Ball
1-2: Ball
2-2: Strikes out looking
Batting: LHB Nikolai Volkoff 0-0: Ball
1-0: Grounds into double play, 6-4-3 (Groundball, 56, EV 98.8 MPH)
Top of the 1st over - 0 runs, 1 hit, 0 errors, 0 left on base; Nashville 0 - D.C. 0
BOTTOM OF THE 1ST
D.C. Divided batting - Pitching for Nashville Outlaws : RHP Ramón Flores
Pitching: RHP Ramón Flores
Batting: RHB Kimi Okubo 0-0: Ball
1-0: Ball
2-0: Foul Ball, location: 2F
2-1: Ball
3-1: Called Strike
3-2: Fly out, F9 (Line Drive, 9D, EV 98.8 MPH)
Batting: LHB Bill Butler 0-0: Called Strike
0-1: SOLO HOME RUN (Line Drive, 9D, EV 103.8 MPH), Distance : 389 ft
Batting: RHB Martín Chávez 0-0: Called Strike
0-1: Fly out, F8 (Flyball, 8LD, EV 93.1 MPH)
Batting: LHB Manuel Carmona 0-0: Foul Ball, location: 2F
0-1: Ball
1-1: Ball
2-1: Ball
3-1: Fly out, F4 (Line Drive, 4, EV 66.2 MPH)
Bottom of the 1st over - 1 run, 1 hit, 0 errors, 0 left on base; Nashville 0 - D.C. 1
TOP OF THE 2ND
Nashville Outlaws batting - Pitching for D.C. Divided : RHP Van Hileman
Batting: RHB Javier Sierra 0-0: Ball
1-0: Swinging Strike
1-1: Foul Ball, location: 2F
1-2: Ball
2-2: Foul Ball, location: 2F
2-2: Ball
3-2: Strikes out looking
Batting: RHB Shimei Miura 0-0: Ball
1-0: Ball
2-0: Ground out 5-3 (Groundball, 56S, EV 81.9 MPH)
Batting: LHB Bartolo Soto 0-0: Foul Ball, location: 2F
0-1: Ground out 4-3 (Groundball, 4, EV 105.6 MPH)
Top of the 2nd over - 0 runs, 0 hits, 0 errors, 0 left on base; Nashville 0 - D.C. 1
BOTTOM OF THE 2ND
D.C. Divided batting - Pitching for Nashville Outlaws : RHP Ramón Flores
Batting: LHB Stanley Zijm 0-0: Swinging Strike
0-1: Ball
1-1: Swinging Strike
1-2: TRIPLE (Line Drive, 89XD, EV 98.8 MPH)
Batting: SHB Billy Dotson 0-0: Fly out, F9 (Line Drive, 9, EV 103.1 MPH)
Runner from 3rd tags up, SCORES, throw by RF
Batting: LHB Buddy Patton 0-0: Swinging Strike
0-1: Ball
1-1: SINGLE (Groundball, 3, EV 109.4 MPH) (infield hit)
Batting: RHB Francisco Alhama 0-0: Called Strike
0-1: DOUBLE (Line Drive, 78XD, EV 110.6 MPH)
Buddy Patton to third
Batting: RHB Layton Arntsen 0-0: Ball
1-0: Fly out, F7 (Flyball, 7S, EV 88.1 MPH)
Batting: RHB Kimi Okubo 0-0: Called Strike
0-1: Swinging Strike
0-2: Ball
1-2: Strikes out swinging
Bottom of the 2nd over - 1 run, 3 hits, 0 errors, 2 left on base; Nashville 0 - D.C. 2
TOP OF THE 3RD
Nashville Outlaws batting - Pitching for D.C. Divided : RHP Van Hileman
Batting: RHB Broderick Sarcoma 0-0: Called Strike
0-1: DOUBLE (Line Drive, 9LS, EV 101.2 MPH)
Batting: RHB Jong-yun Rhee 0-0: Ball
1-0: Ground out 1-3 (Groundball, P, EV 67.5 MPH)
Broderick Sarcoma to third
Batting: LHB Juan Caro 0-0: Foul Ball, location: 2F
0-1: Ball
1-1: Ball
2-1: Ball
3-1: Fly out, F5 (Popup, 25F, EV 82.5 MPH)
Batting: LHB Wilson Hernández 0-0: Ball
1-0: Ball
Passed Ball!
Broderick Sarcoma scores
2-0: Swinging Strike
2-1: Foul Ball, location: 2F
2-2: SINGLE (Groundball, 34D, EV 111.2 MPH)
Batting: LHB Juan Santángel 0-0: Ball
Wilson Hernández steals 2nd base
1-0: Swinging Strike
1-1: Foul Ball, location: 2F
1-2: Strikes out looking
Top of the 3rd over - 1 run, 2 hits, 0 errors, 1 left on base; Nashville 1 - D.C. 2
BOTTOM OF THE 3RD
D.C. Divided batting - Pitching for Nashville Outlaws : RHP Ramón Flores
Batting: LHB Bill Butler 0-0: Called Strike
0-1: Ball
1-1: Ball
2-1: Ground out 4-3 (Groundball, 4, EV 86.2 MPH)
Batting: RHB Martín Chávez 0-0: Ball
1-0: Ground out 1-3 (Groundball, P, EV 67.5 MPH)
Batting: LHB Manuel Carmona 0-0: Called Strike
0-1: Swinging Strike
0-2: Ball
1-2: Ball
2-2: Ball
3-2: Foul Ball, location: 2F
3-2: SINGLE (Groundball, 4MD, EV 102.5 MPH)
Batting: LHB Stanley Zijm 0-0: Ball
1-0: Ball
Manuel Carmona is caught stealing 2nd base 2-6
Bottom of the 3rd over - 0 runs, 1 hit, 0 errors, 0 left on base; Nashville 1 - D.C. 2
TOP OF THE 4TH
Nashville Outlaws batting - Pitching for D.C. Divided : RHP Van Hileman
Batting: LHB Nikolai Volkoff 0-0: Called Strike
0-1: Ball
1-1: Ground out 5-3 (Groundball, 56, EV 101.9 MPH)
Batting: RHB Javier Sierra 0-0: Called Strike
0-1: Ball
1-1: Foul Ball, location: 2F
1-2: Strikes out swinging
Batting: RHB Shimei Miura 0-0: Called Strike
0-1: Ball
1-1: Foul Ball, location: 2F
1-2: Foul Ball, location: 2F
1-2: Ball
2-2: Ball
3-2: Foul Ball, location: 2F
3-2: Base on Balls
Batting: LHB Bartolo Soto 0-0: SINGLE (Groundball, 34D, EV 107.5 MPH)
Shimei Miura to second
Runner from 2nd tries for 3rd, OUT! 9-5
Top of the 4th over - 0 runs, 1 hit, 0 errors, 1 left on base; Nashville 1 - D.C. 2
BOTTOM OF THE 4TH
D.C. Divided batting - Pitching for Nashville Outlaws : RHP Ramón Flores
Batting: LHB Stanley Zijm 0-0: Called Strike
0-1: Swinging Strike
0-2: Ball
1-2: Ground out 1-3 (Groundball, 34S, EV 86.2 MPH)
Batting: SHB Billy Dotson 0-0: Ball
1-0: SOLO HOME RUN (Flyball, 9D, EV 103.1 MPH), Distance : 376 ft
Batting: LHB Buddy Patton 0-0: Called Strike
0-1: Ball
1-1: Foul Ball, location: 2F
1-2: Ball
2-2: Foul Ball, location: 2F
2-2: Foul Ball, location: 2F
2-2: Ball
3-2: Ground out 6-3 (Groundball, 56, EV 107.5 MPH)
Batting: RHB Francisco Alhama 0-0: Ball
1-0: DOUBLE (Line Drive, 7LS, EV 110.0 MPH)
Batting: RHB Layton Arntsen 0-0: Ball
1-0: Called Strike
1-1: Swinging Strike
1-2: Ball
2-2: Foul Ball, location: 2F
2-2: Ball
3-2: Strikes out swinging
Bottom of the 4th over - 1 run, 2 hits, 0 errors, 1 left on base; Nashville 1 - D.C. 3
TOP OF THE 5TH
Nashville Outlaws batting - Pitching for D.C. Divided : RHP Van Hileman
Batting: RHB Broderick Sarcoma 0-0: Fly out, F3 (Line Drive, 3, EV 73.8 MPH)
Batting: RHB Jong-yun Rhee 0-0: Called Strike
0-1: Ball
1-1: Called Strike
1-2: Foul Ball, location: 2F
1-2: Strikes out swinging
Batting: LHB Juan Caro 0-0: Ball
1-0: Called Strike
1-1: Ball
2-1: Foul Ball, location: 2F
2-2: Fly out, F8 (Flyball, 89S, EV 96.9 MPH)
Top of the 5th over - 0 runs, 0 hits, 0 errors, 0 left on base; Nashville 1 - D.C. 3
BOTTOM OF THE 5TH
D.C. Divided batting - Pitching for Nashville Outlaws : RHP Ramón Flores
Batting: RHB Kimi Okubo 0-0: Called Strike
0-1: Swinging Strike
0-2: Ball
1-2: Foul Ball, location: 2F
1-2: Strikes out swinging
Batting: LHB Bill Butler 0-0: SOLO HOME RUN (Flyball, 89XD, EV 91.2 MPH), Distance : 432 ft
Batting: RHB Martín Chávez 0-0: Called Strike
0-1: Ball
1-1: Called Strike
1-2: DOUBLE (Line Drive, 7LM, EV 111.9 MPH)
Batting: LHB Manuel Carmona 0-0: Foul Ball, location: 2F
0-1: Foul Ball, location: 2F
0-2: DOUBLE (Line Drive, 89XD, EV 108.8 MPH)
Martín Chávez scores
Pitching: RHP Ignacio Ayala
Batting: LHB Stanley Zijm 0-0: Ball
1-0: Ball
2-0: Called Strike
2-1: Ball
Wild Pitch!
Manuel Carmona to third
3-1: Called Strike
3-2: Strikes out swinging
Batting: SHB Billy Dotson 0-0: Ball
1-0: Called Strike
1-1: Foul Ball, location: 2F
1-2: Fly out, F8 (Line Drive, 8LD, EV 91.9 MPH)
Bottom of the 5th over - 2 runs, 3 hits, 0 errors, 1 left on base; Nashville 1 - D.C. 5
TOP OF THE 6TH
Nashville Outlaws batting - Pitching for D.C. Divided : RHP Van Hileman
Batting: LHB Wilson Hernández 0-0: DOUBLE (Flyball, 78XD, EV 97.5 MPH)
Batting: LHB Juan Santángel 0-0: Ball
1-0: Ball
2-0: Ball
3-0: Base on Balls
Batting: LHB Nikolai Volkoff 0-0: Ball
1-0: Ball
2-0: Ball
3-0: Base on Balls
Wilson Hernández to third
Juan Santángel to second
Batting: RHB Javier Sierra 0-0: Foul Ball, location: 2F
0-1: Fly out, F8 (Line Drive, 8RD, EV 99.4 MPH)
Runner from 3rd tags up, OUT at HOME! 8-2
Juan Santángel to third
Nikolai Volkoff to second
Batting: RHB Shimei Miura 0-0: Ball
1-0: Swinging Strike
1-1: Ball
2-1: Foul Ball, location: 2F
2-2: Foul Ball, location: 2F
2-2: Strikes out looking
Top of the 6th over - 0 runs, 1 hit, 0 errors, 2 left on base; Nashville 1 - D.C. 5
BOTTOM OF THE 6TH
D.C. Divided batting - Pitching for Nashville Outlaws : RHP Ignacio Ayala
Batting: LHB Buddy Patton 0-0: Called Strike
0-1: Called Strike
0-2: Strikes out swinging
Batting: RHB Francisco Alhama 0-0: Ball
1-0: Foul Ball, location: 2F
1-1: Ball
2-1: Foul Ball, location: 2F
2-2: Strikes out looking
Batting: RHB Layton Arntsen 0-0: Ball
1-0: Ball
2-0: Called Strike
2-1: Foul Ball, location: 2F
2-2: Ball
3-2: Base on Balls
Batting: RHB Kimi Okubo 0-0: Ball
1-0: Ball
2-0: Foul Ball, location: 2F
2-1: Foul Ball, location: 2F
2-2: Ball
3-2: Foul Ball, location: 2F
3-2: Base on Balls
Layton Arntsen to second
Batting: LHB Bill Butler 0-0: Foul Ball, location: 2F
0-1: Ball
1-1: Swinging Strike
1-2: Ball
2-2: Ball
3-2: Foul Ball, location: 2F
3-2: Base on Balls
Layton Arntsen to third
Kimi Okubo to second
Batting: RHB Martín Chávez 0-0: Called Strike
0-1: Ball
1-1: Foul Ball, location: 2F
1-2: Foul Ball, location: 2F
1-2: Fly out, F6 (Popup, 15S, EV 93.8 MPH)
Bottom of the 6th over - 0 runs, 0 hits, 0 errors, 3 left on base; Nashville 1 - D.C. 5
TOP OF THE 7TH
Nashville Outlaws batting - Pitching for D.C. Divided : RHP Van Hileman
Batting: LHB Bartolo Soto 0-0: Called Strike
0-1: Ball
1-1: Ball
2-1: Called Strike
2-2: Ball
3-2: Fly out, F6 (Popup, 6M, EV 57.5 MPH)
Batting: RHB Broderick Sarcoma 0-0: Swinging Strike
0-1: Foul Ball, location: 2F
0-2: Strikes out swinging
Batting: RHB Jong-yun Rhee 0-0: Ball
1-0: Ball
2-0: Called Strike
2-1: Called Strike
2-2: Strikes out looking
Top of the 7th over - 0 runs, 0 hits, 0 errors, 0 left on base; Nashville 1 - D.C. 5
BOTTOM OF THE 7TH
D.C. Divided batting - Pitching for Nashville Outlaws : RHP Ignacio Ayala
Batting: LHB Manuel Carmona 0-0: Fly out, F7 (Flyball, 78M, EV 84.4 MPH)
Batting: LHB Stanley Zijm 0-0: Ball
1-0: Ball
2-0: Ball
3-0: Base on Balls
Pitching: RHP Lorenzo Fabián
Batting: SHB Billy Dotson 0-0: Ball
1-0: Ball
2-0: Ground out 3-1 (Groundball, 34S, EV 81.2 MPH)
Stanley Zijm to second
Batting: LHB Buddy Patton 0-0: Ball
1-0: Called Strike
1-1: Ball
2-1: Ground out U3 (Groundball, 34S, EV 86.2 MPH)
Bottom of the 7th over - 0 runs, 0 hits, 0 errors, 1 left on base; Nashville 1 - D.C. 5
TOP OF THE 8TH
Nashville Outlaws batting - Pitching for D.C. Divided : RHP Van Hileman
Pitching: RHP Yaroslav Red'kin
Batting: LHB Juan Caro 0-0: Ground out 4-3 (Groundball, 4, EV 107.5 MPH)
Batting: LHB Wilson Hernández 0-0: Ball
1-0: DOUBLE (Groundball, 3D, EV 111.2 MPH)
Batting: LHB Juan Santángel 0-0: Called Strike
0-1: Ball
1-1: Swinging Strike
1-2: Ball
2-2: Ground out 3-1 (Groundball, 34, EV 85.0 MPH)
Wilson Hernández to third
Batting: LHB Nikolai Volkoff 0-0: Called Strike
0-1: Ball
1-1: Ball
2-1: SINGLE (Line Drive, 6D, EV 94.4 MPH)
Wilson Hernández scores
Batting: RHB Javier Sierra 0-0: Ball
1-0: Foul Ball, location: 2F
1-1: Ball
2-1: Swinging Strike
2-2: Ball
3-2: Foul Ball, location: 2F
3-2: Foul Ball, location: 2F
3-2: SINGLE (Line Drive, 6MD, EV 96.9 MPH)
Nikolai Volkoff to second
Nikolai Volkoff to third
Batting: RHB Shimei Miura 0-0: Ball
1-0: Called Strike
1-1: Called Strike
1-2: Fly out, F4 (Popup, 4, EV 65.0 MPH)
Top of the 8th over - 1 run, 3 hits, 0 errors, 2 left on base; Nashville 2 - D.C. 5
BOTTOM OF THE 8TH
D.C. Divided batting - Pitching for Nashville Outlaws : RHP Lorenzo Fabián
Batting: RHB Francisco Alhama 0-0: Bunt missed!
0-1: Ground out 6-3 (Groundball, 56, EV 85.0 MPH)
Batting: RHB Layton Arntsen 0-0: Called Strike
0-1: Called Strike
0-2: Ball
1-2: Ball
2-2: Ball
3-2: Foul Ball, location: 2F
3-2: Ground out 1-3 (Groundball, 34S, EV 92.5 MPH)
Pitching: RHP Tim Nesheim
Batting: RHB Kimi Okubo 0-0: Called Strike
0-1: Ground out 6-3 (Groundball, 6, EV 80.0 MPH)
Bottom of the 8th over - 0 runs, 0 hits, 0 errors, 0 left on base; Nashville 2 - D.C. 5
TOP OF THE 9TH
Nashville Outlaws batting - Pitching for D.C. Divided : RHP Yaroslav Red'kin
Pitching: RHP Sidney Crosbie
Batting: LHB Bartolo Soto 0-0: Ball
1-0: Called Strike
1-1: Ball
2-1: Foul Ball, location: 2F
2-2: Strikes out swinging
Batting: RHB Broderick Sarcoma 0-0: Ground out 4-3 (Groundball, 4, EV 83.8 MPH)
Batting: RHB Jong-yun Rhee 0-0: Ball
1-0: Ball
2-0: Ball
3-0: Called Strike
3-1: Ground out 6-3 (Groundball, 56, EV 86.9 MPH)
Top of the 9th over - 0 runs, 0 hits, 0 errors, 0 left on base; Nashville 2 - D.C. 5
Tuesday, January 5th, 2021 - OOTP Baseball 20.8 Build 74